[ AOE2 MATCH · #480437460 ]
UnrankedKhmer vs Persians
[ REPLAY ANALYSIS · EXTRACTED FROM THE RECORDED GAME ]
Feudal
—
Castle
—
Imperial
—
| APM avg | 26.5 |
| APM peak | 94 |
| eAPM avg | 18.2 |
| Villagers / military | 108 / 106 |
Focus
⚔️ 28.3% · 🌾 71.7%
Ballista Elephant ×76 · Trade Cart ×22 · Skirmisher ×19 · Trebuchet (Packed) ×7 · Hand Cannoneer ×3 · Monk ×1
Feudal
—
Castle
—
Imperial
—
| APM avg | 19.3 |
| APM peak | 77 |
| eAPM avg | 12.8 |
| Villagers / military | 102 / 85 |
Focus
⚔️ 32.5% · 🌾 67.5%
Cavalry Archer ×70 · Trade Cart ×9 · Archer ×7 · Spearman ×3 · Trebuchet (Packed) ×3 · Monk ×2
Feudal
12:36
Castle
35:31
Imperial
—
| APM avg | 9.5 |
| APM peak | 67 |
| eAPM avg | 6.8 |
| Villagers / military | 39 / 72 |
Focus
⚔️ 37.5% · 🌾 62.5%
Spearman ×41 · Militia ×8 · Skirmisher ×8 · Trade Cart ×6 · War Elephant ×5 · Archer ×4
Feudal
13:19
Castle
19:41
Imperial
43:44
| APM avg | 16.9 |
| APM peak | 77 |
| eAPM avg | 12.1 |
| Villagers / military | 77 / 94 |
Focus
⚔️ 37.0% · 🌾 63.0%
Scout Cavalry ×51 · Janissary ×31 · Trade Cart ×14 · Monk ×7 · Fishing Ship ×7 · Trebuchet (Packed) ×4
Match map
Initial resources + every placement click. Lines = walls · curves = elevation contours. ◆ gold · ⬟ stone · ● berries · ✦ relic · ◌ wall gap
Your base· Open — opponent sealed themselves in
kpkoi2090's base· Open — opponent sealed themselves in
顾樱映's base· ✓ Closed at 35:31 · 30t walls · no gate
我想去南极's base· ✓ Closed at 19:41 · 30t walls · no gate
Smoothed initial terrain · ◌ = detected wall gap · hover for details
Inputs per minute
— Hicstrid5701 - - kpkoi2090
Build order — Hicstrid5701
First 150 of 370 actions detected
| 0:02 | Create | Villager (Male) |
| 0:02 | Create | Villager (Male) |
| 0:02 | Create | Villager (Male) |
| 0:13 | Build | House |
| 0:14 | Build | House |
| 0:33 | Create | Villager (Male) |
| 0:33 | Create | Villager (Male) |
| 1:41 | Create | Villager (Male) |
| 2:10 | Create | Villager (Male) |
| 2:27 | Build | Lumber Camp |
| 3:12 | Create | Villager (Male) |
| 3:13 | Create | Villager (Male) |
| 3:49 | Create | Villager (Male) |
| 3:50 | Create | Villager (Male) |
| 4:25 | Create | Villager (Male) |
| 4:33 | Create | Villager (Male) |
| 5:00 | Create | Villager (Male) |
| 5:26 | Build | House |
| 5:28 | Build | House |
| 5:29 | Build | House |
| 5:43 | Create | Villager (Male) |
| 6:13 | Create | Villager (Male) |
| 6:34 | Create | Villager (Male) |
| 7:32 | Create | Villager (Male) |
| 7:54 | Create | Villager (Male) |
| 7:59 | Build | Mill |
| 8:18 | Create | Villager (Male) |
| 9:05 | Create | Villager (Male) |
| 9:06 | Research | Feudal Age |
| 11:18 | Research | Wheelbarrow |
| 11:19 | Research | Double-Bit Axe |
| 11:19 | Research | Horse Collar |
| 11:49 | Create | Villager (Male) |
| 11:49 | Create | Villager (Male) |
| 12:07 | Build | Farm |
| 12:07 | Build | Farm |
| 12:08 | Build | Farm |
| 12:09 | Build | Farm |
| 12:10 | Build | Farm |
| 12:10 | Build | Farm |
| 12:11 | Build | Farm |
| 12:11 | Build | Farm |
| 12:12 | Build | Farm |
| 12:13 | Build | Farm |
| 12:20 | Build | Mining Camp |
| 13:10 | Build | Market |
| 13:17 | Create | Villager (Male) |
| 13:40 | Build | Lumber Camp |
| 13:45 | Create | Villager (Male) |
| 15:08 | Create | Villager (Male) |
| 15:22 | Create | Villager (Male) |
| 15:46 | Create | Villager (Male) |
| 16:02 | Research | Gold Mining |
| 16:03 | Research | Stone Mining |
| 16:14 | Build | Mining Camp |
| 16:35 | Build | House |
| 16:37 | Build | House |
| 16:38 | Build | House |
| 16:39 | Build | House |
| 16:41 | Build | House |
| 16:41 | Build | House |
| 16:47 | Create | Villager (Male) |
| 16:51 | Create | Villager (Male) |
| 17:08 | Build | Farm |
| 17:14 | Build | Farm |
| 17:18 | Create | Villager (Male) |
| 18:02 | Create | Villager (Male) |
| 18:08 | Build | Mining Camp |
| 18:19 | Build | Blacksmith |
| 18:36 | Build | Archery Range |
| 18:39 | Build | Archery Range |
| 18:49 | Create | Villager (Male) |
| 18:53 | Create | Trade Cart |
| 18:54 | Create | Trade Cart |
| 19:01 | Research | Castle Age |
| 19:28 | Create | Trade Cart |
| 19:37 | Create | Trade Cart |
| 21:44 | Build | Town Center |
| 21:50 | Build | Town Center |
| 22:03 | Create | Villager (Male) |
| 22:05 | Research | Hand Cart |
| 22:48 | Build | Monastery |
| 22:53 | Create | Villager (Male) |
| 22:53 | Create | Villager (Male) |
| 23:45 | Create | Villager (Male) |
| 23:47 | Create | Villager (Male) |
| 23:51 | Create | Villager (Male) |
| 23:52 | Create | Villager (Male) |
| 23:53 | Create | Villager (Male) |
| 24:00 | Build | Farm |
| 24:02 | Build | Farm |
| 24:09 | Build | Farm |
| 24:10 | Create | Villager (Male) |
| 24:12 | Create | Villager (Male) |
| 24:14 | Create | Villager (Male) |
| 24:37 | Create | Villager (Male) |
| 24:37 | Create | Villager (Male) |
| 24:39 | Create | Villager (Male) |
| 24:41 | Create | Villager (Male) |
| 25:14 | Create | Villager (Male) |
| 25:15 | Create | Villager (Male) |
| 25:16 | Create | Villager (Male) |
| 25:19 | Research | Caravan |
| 25:20 | Create | Trade Cart |
| 25:20 | Create | Trade Cart |
| 25:28 | Research | Scale Barding Armor |
| 25:43 | Build | University |
| 25:59 | Create | Monk |
| 26:38 | Research | Bow Saw |
| 26:40 | Research | Gold Shaft Mining |
| 26:40 | Research | Stone Shaft Mining |
| 26:47 | Research | Stone Shaft Mining |
| 26:49 | Create | Villager (Male) |
| 26:51 | Create | Villager (Male) |
| 26:52 | Create | Villager (Male) |
| 26:52 | Create | Villager (Male) |
| 26:52 | Create | Villager (Male) |
| 27:31 | Build | Castle |
| 27:36 | Research | Elite Skirmisher (upgrade) |
| 27:36 | Create | Skirmisher |
| 27:37 | Create | Skirmisher |
| 27:37 | Create | Skirmisher |
| 27:38 | Create | Skirmisher |
| 27:52 | Create | Villager (Male) |
| 27:53 | Create | Villager (Male) |
| 27:57 | Create | Villager (Male) |
| 27:57 | Create | Villager (Male) |
| 28:07 | Build | House |
| 28:08 | Build | House |
| 28:09 | Build | House |
| 28:09 | Build | House |
| 28:09 | Build | House |
| 28:10 | Build | House |
| 28:10 | Build | House |
| 28:10 | Build | House |
| 28:11 | Build | House |
| 28:11 | Build | House |
| 28:20 | Create | Villager (Male) |
| 28:21 | Create | Villager (Male) |
| 28:29 | Create | Villager (Male) |
| 28:34 | Build | Farm |
| 28:35 | Build | Farm |
| 28:35 | Build | Farm |
| 28:36 | Build | Farm |
| 28:40 | Create | Trade Cart |
| 28:40 | Create | Trade Cart |
| 28:54 | Create | Trade Cart |
| 29:20 | Build | Castle |
| 29:28 | Build | Mining Camp |
| 29:48 | Create | Skirmisher |
Build order — kpkoi2090
First 150 of 298 actions detected
| 0:24 | Create | Villager (Male) |
| 0:25 | Create | Villager (Male) |
| 0:25 | Create | Villager (Male) |
| 0:25 | Create | Villager (Male) |
| 0:25 | Create | Villager (Male) |
| 1:42 | Create | Villager (Male) |
| 1:42 | Create | Villager (Male) |
| 2:43 | Create | Villager (Male) |
| 2:44 | Create | Villager (Male) |
| 4:33 | Create | Villager (Male) |
| 4:34 | Create | Villager (Male) |
| 4:34 | Create | Villager (Male) |
| 4:34 | Create | Villager (Male) |
| 4:34 | Create | Villager (Male) |
| 5:59 | Build | Lumber Camp |
| 7:19 | Create | Villager (Male) |
| 7:19 | Create | Villager (Male) |
| 7:19 | Create | Villager (Male) |
| 7:20 | Create | Villager (Male) |
| 7:20 | Create | Villager (Male) |
| 7:20 | Create | Villager (Male) |
| 8:33 | Build | Mill |
| 9:14 | Research | Feudal Age |
| 10:34 | Build | Farm |
| 10:39 | Build | Farm |
| 10:47 | Build | Farm |
| 11:58 | Build | Palisade Wall |
| 12:39 | Research | Horse Collar |
| 12:43 | Research | Double-Bit Axe |
| 12:46 | Create | Villager (Male) |
| 12:46 | Create | Villager (Male) |
| 12:46 | Create | Villager (Male) |
| 12:46 | Create | Villager (Male) |
| 12:47 | Create | Villager (Male) |
| 12:47 | Create | Villager (Male) |
| 12:57 | Build | Farm |
| 13:04 | Build | Farm |
| 13:16 | Build | Farm |
| 13:17 | Build | Farm |
| 13:17 | Build | Farm |
| 13:17 | Build | Farm |
| 13:18 | Build | Farm |
| 13:39 | Build | Mining Camp |
| 14:16 | Build | Outpost |
| 14:23 | Build | Mining Camp |
| 14:45 | Build | Barracks |
| 15:07 | Build | Market |
| 15:34 | Create | Villager (Male) |
| 15:35 | Create | Villager (Male) |
| 15:36 | Create | Villager (Male) |
| 15:36 | Create | Villager (Male) |
| 16:14 | Build | Blacksmith |
| 16:43 | Build | Farm |
| 16:58 | Create | Villager (Male) |
| 17:10 | Build | Farm |
| 17:11 | Build | Farm |
| 17:26 | Research | Castle Age |
| 18:33 | Create | Trade Cart |
| 18:34 | Create | Trade Cart |
| 18:40 | Create | Trade Cart |
| 19:19 | Create | Spearman |
| 19:20 | Create | Spearman |
| 19:20 | Create | Spearman |
| 20:25 | Research | Bow Saw |
| 20:29 | Research | Heavy Plow |
| 21:28 | Build | Farm |
| 21:29 | Build | Farm |
| 21:30 | Build | Farm |
| 21:50 | Build | Farm |
| 22:44 | Research | Caravan |
| 22:45 | Create | Trade Cart |
| 22:46 | Create | Trade Cart |
| 23:17 | Create | Villager (Male) |
| 23:17 | Create | Villager (Male) |
| 23:17 | Create | Villager (Male) |
| 23:17 | Create | Villager (Male) |
| 23:18 | Create | Villager (Male) |
| 23:18 | Create | Villager (Male) |
| 23:19 | Create | Villager (Male) |
| 23:28 | Build | Lumber Camp |
| 24:01 | Build | Town Center |
| 25:16 | Create | Villager (Male) |
| 25:16 | Create | Villager (Male) |
| 25:16 | Create | Villager (Male) |
| 25:17 | Create | Villager (Male) |
| 25:17 | Create | Villager (Male) |
| 25:17 | Create | Villager (Male) |
| 25:17 | Create | Villager (Male) |
| 25:18 | Create | Villager (Male) |
| 25:18 | Create | Villager (Male) |
| 25:18 | Create | Villager (Male) |
| 25:53 | Build | Archery Range |
| 26:10 | Build | Monastery |
| 26:26 | Build | Farm |
| 26:50 | Create | Villager (Male) |
| 26:50 | Create | Villager (Male) |
| 26:51 | Create | Villager (Male) |
| 26:51 | Create | Villager (Male) |
| 26:51 | Create | Villager (Male) |
| 26:51 | Create | Villager (Male) |
| 26:52 | Create | Villager (Male) |
| 27:26 | Build | Town Center |
| 27:55 | Create | Archer |
| 27:55 | Create | Archer |
| 27:55 | Create | Archer |
| 27:56 | Create | Archer |
| 27:56 | Create | Archer |
| 27:56 | Create | Archer |
| 27:56 | Create | Archer |
| 28:28 | Create | Trade Cart |
| 28:28 | Create | Trade Cart |
| 28:28 | Create | Trade Cart |
| 28:29 | Create | Trade Cart |
| 28:38 | Create | Villager (Male) |
| 28:38 | Create | Villager (Male) |
| 28:39 | Create | Villager (Male) |
| 28:39 | Create | Villager (Male) |
| 28:44 | Create | Villager (Male) |
| 28:44 | Create | Villager (Male) |
| 29:13 | Create | Villager (Male) |
| 29:13 | Create | Villager (Male) |
| 29:18 | Create | Villager (Male) |
| 29:18 | Create | Villager (Male) |
| 29:18 | Create | Villager (Male) |
| 29:18 | Create | Villager (Male) |
| 29:32 | Build | Town Center |
| 30:14 | Create | Villager (Male) |
| 30:14 | Create | Villager (Male) |
| 30:21 | Build | Farm |
| 30:27 | Research | Padded Archer Armor |
| 30:28 | Research | Fletching |
| 30:38 | Research | Crossbowman (upgrade) |
| 30:39 | Research | Thumb Ring |
| 30:51 | Create | Villager (Male) |
| 30:52 | Create | Villager (Male) |
| 30:57 | Build | Farm |
| 31:10 | Build | Farm |
| 31:17 | Create | Villager (Male) |
| 31:20 | Create | Villager (Male) |
| 31:21 | Create | Villager (Male) |
| 31:21 | Create | Villager (Male) |
| 31:21 | Create | Villager (Male) |
| 31:38 | Build | Farm |
| 32:23 | Create | Villager (Male) |
| 32:23 | Create | Villager (Male) |
| 32:23 | Create | Villager (Male) |
| 32:23 | Create | Villager (Male) |
| 32:24 | Create | Villager (Male) |
| 32:24 | Create | Villager (Male) |
| 32:24 | Create | Villager (Male) |
Build order — 顾樱映
First 150 of 210 actions detected
| 0:13 | Build | Mill |
| 0:43 | Build | Palisade Wall |
| 0:51 | Build | Palisade Wall |
| 1:09 | Research | Loom |
| 1:10 | Create | Villager (Male) |
| 1:10 | Create | Villager (Male) |
| 1:10 | Create | Villager (Male) |
| 2:06 | Build | House |
| 2:58 | Create | Villager (Male) |
| 3:04 | Build | House |
| 3:50 | Create | Villager (Male) |
| 3:51 | Create | Villager (Male) |
| 3:53 | Create | Villager (Male) |
| 4:53 | Create | Villager (Male) |
| 4:53 | Create | Villager (Male) |
| 5:32 | Create | Villager (Male) |
| 6:36 | Build | House |
| 6:40 | Build | Barracks |
| 8:54 | Build | Lumber Camp |
| 9:17 | Create | Villager (Male) |
| 10:32 | Research | Feudal Age |
| 10:32 | Research | Feudal Age |
| 10:35 | Create | Villager (Male) |
| 10:35 | Create | Villager (Male) |
| 10:56 | Create | Militia |
| 11:40 | Create | Villager (Male) |
| 11:41 | Create | Villager (Male) |
| 12:01 | Build | House |
| 12:36 | Age | Feudal Age |
| 12:43 | Build | Watch Tower |
| 12:54 | Build | Stone Wall |
| 13:04 | Create | Spearman |
| 13:12 | Create | Militia |
| 13:13 | Create | Spearman |
| 13:19 | Research | Town Watch |
| 13:58 | Research | Wheelbarrow |
| 14:41 | Create | Spearman |
| 15:02 | Build | Lumber Camp |
| 15:19 | Create | Villager (Male) |
| 15:20 | Create | Villager (Male) |
| 15:21 | Create | Villager (Male) |
| 15:47 | Build | Stone Wall |
| 16:08 | Build | Mining Camp |
| 16:31 | Build | Market |
| 16:52 | Build | Farm |
| 17:49 | Build | Farm |
| 18:16 | Build | Farm |
| 18:23 | Build | Farm |
| 18:49 | Build | Farm |
| 19:04 | Build | Farm |
| 19:56 | Build | Farm |
| 20:04 | Build | Farm |
| 20:13 | Create | Villager (Male) |
| 20:35 | Build | House |
| 20:52 | Build | House |
| 21:02 | Research | Man-at-Arms (upgrade) |
| 21:05 | Create | Spearman |
| 21:06 | Create | Spearman |
| 21:46 | Build | House |
| 21:55 | Build | Farm |
| 22:29 | Create | Spearman |
| 22:30 | Create | Spearman |
| 22:31 | Create | Spearman |
| 22:32 | Create | Spearman |
| 22:32 | Create | Spearman |
| 22:39 | Create | Spearman |
| 22:41 | Create | Militia |
| 22:42 | Research | Arson |
| 22:56 | Create | Trade Cart |
| 23:27 | Build | Mining Camp |
| 23:39 | Create | Villager (Male) |
| 23:39 | Create | Villager (Male) |
| 23:39 | Create | Villager (Male) |
| 23:56 | Build | Farm |
| 24:48 | Build | Farm |
| 25:05 | Build | Farm |
| 25:26 | Create | Villager (Male) |
| 25:27 | Create | Villager (Male) |
| 25:45 | Create | Spearman |
| 25:45 | Create | Spearman |
| 25:45 | Create | Spearman |
| 25:46 | Create | Spearman |
| 25:46 | Create | Spearman |
| 25:54 | Build | House |
| 25:58 | Build | House |
| 26:24 | Create | Militia |
| 26:24 | Create | Militia |
| 26:59 | Create | Villager (Male) |
| 27:04 | Create | Spearman |
| 27:05 | Create | Spearman |
| 27:05 | Create | Spearman |
| 27:05 | Create | Spearman |
| 27:05 | Create | Spearman |
| 27:05 | Create | Spearman |
| 27:06 | Create | Spearman |
| 27:26 | Build | House |
| 27:33 | Build | House |
| 27:39 | Build | House |
| 28:03 | Create | Spearman |
| 28:03 | Create | Spearman |
| 28:04 | Create | Spearman |
| 28:04 | Create | Spearman |
| 28:27 | Create | Trade Cart |
| 28:29 | Create | Trade Cart |
| 28:35 | Create | Trade Cart |
| 28:59 | Build | Mining Camp |
| 29:01 | Research | Gold Mining |
| 29:02 | Research | Stone Mining |
| 29:06 | Research | Double-Bit Axe |
| 29:11 | Create | Spearman |
| 29:11 | Create | Spearman |
| 29:26 | Build | House |
| 29:32 | Create | Spearman |
| 29:50 | Create | Trade Cart |
| 30:48 | Build | House |
| 30:53 | Build | House |
| 31:05 | Create | Villager (Male) |
| 31:36 | Build | Blacksmith |
| 31:53 | Create | Militia |
| 32:04 | Create | Villager (Male) |
| 32:04 | Create | Villager (Male) |
| 32:39 | Build | Archery Range |
| 33:06 | Research | Castle Age |
| 33:06 | Create | Villager (Male) |
| 33:07 | Create | Villager (Male) |
| 33:07 | Create | Villager (Male) |
| 33:07 | Create | Villager (Male) |
| 33:17 | Build | Stable |
| 34:05 | Create | Spearman |
| 34:07 | Create | Militia |
| 34:27 | Research | Bloodlines |
| 34:31 | Create | Scout Cavalry |
| 34:32 | Create | Scout Cavalry |
| 35:08 | Build | House |
| 35:13 | Build | House |
| 35:18 | Build | House |
| 35:23 | Create | Skirmisher |
| 35:23 | Create | Skirmisher |
| 35:24 | Create | Skirmisher |
| 35:31 | Create | Archer |
| 35:31 | Age | Castle Age |
| 35:33 | Create | Archer |
| 35:38 | Research | Light Cavalry (upgrade) |
| 35:45 | Research | Squires |
| 35:46 | Research | Gambesons |
| 36:22 | Build | Farm |
| 37:19 | Build | Siege Workshop |
| 37:28 | Research | Coinage |
| 37:30 | Research | Caravan |
| 38:04 | Research | Pikeman (upgrade) |
Build order — 我想去南极
First 150 of 283 actions detected
| 0:08 | Build | House |
| 0:13 | Build | House |
| 0:18 | Create | Villager (Male) |
| 0:19 | Create | Villager (Male) |
| 0:19 | Create | Villager (Male) |
| 0:19 | Create | Villager (Male) |
| 0:19 | Create | Villager (Male) |
| 1:10 | Build | Palisade Wall |
| 1:50 | Create | Villager (Male) |
| 1:50 | Create | Villager (Male) |
| 1:50 | Create | Villager (Male) |
| 2:52 | Build | Palisade Wall |
| 3:08 | Build | Palisade Wall |
| 3:14 | Create | Villager (Male) |
| 3:14 | Create | Villager (Male) |
| 3:14 | Create | Villager (Male) |
| 3:15 | Create | Villager (Male) |
| 3:34 | Build | Lumber Camp |
| 4:39 | Create | Villager (Male) |
| 4:40 | Create | Villager (Male) |
| 4:40 | Create | Villager (Male) |
| 6:24 | Build | Mill |
| 6:27 | Create | Villager (Male) |
| 6:27 | Create | Villager (Male) |
| 6:27 | Create | Villager (Male) |
| 6:36 | Build | House |
| 6:40 | Build | House |
| 6:41 | Build | House |
| 7:42 | Build | House |
| 7:51 | Build | Mill |
| 8:46 | Build | Mining Camp |
| 9:46 | Create | Villager (Male) |
| 9:47 | Create | Villager (Male) |
| 11:09 | Research | Feudal Age |
| 12:35 | Create | Villager (Male) |
| 12:36 | Create | Villager (Male) |
| 12:36 | Create | Villager (Male) |
| 12:36 | Create | Villager (Male) |
| 12:37 | Create | Villager (Male) |
| 12:37 | Create | Villager (Male) |
| 13:19 | Age | Feudal Age |
| 13:23 | Build | Market |
| 13:31 | Build | Blacksmith |
| 14:23 | Build | Farm |
| 14:32 | Build | Farm |
| 14:38 | Build | Farm |
| 14:45 | Build | Farm |
| 14:50 | Build | Farm |
| 15:02 | Build | Farm |
| 15:08 | Build | Farm |
| 16:13 | Build | Farm |
| 16:20 | Build | Farm |
| 16:25 | Build | Farm |
| 16:32 | Build | Farm |
| 16:37 | Build | Farm |
| 17:01 | Research | Castle Age |
| 17:03 | Create | Villager (Male) |
| 17:03 | Create | Villager (Male) |
| 17:03 | Create | Villager (Male) |
| 17:26 | Research | Double-Bit Axe |
| 17:29 | Create | Villager (Male) |
| 17:29 | Create | Villager (Male) |
| 17:29 | Create | Villager (Male) |
| 18:58 | Create | Villager (Male) |
| 18:58 | Create | Villager (Male) |
| 18:59 | Create | Villager (Male) |
| 18:59 | Create | Villager (Male) |
| 18:59 | Create | Villager (Male) |
| 18:59 | Create | Villager (Male) |
| 18:59 | Create | Villager (Male) |
| 19:00 | Create | Villager (Male) |
| 19:41 | Age | Castle Age |
| 19:56 | Create | Villager (Male) |
| 19:57 | Create | Villager (Male) |
| 19:57 | Create | Villager (Male) |
| 19:57 | Create | Villager (Male) |
| 19:57 | Create | Villager (Male) |
| 19:58 | Create | Villager (Male) |
| 20:08 | Build | Barracks |
| 21:02 | Build | Dock |
| 21:56 | Build | House |
| 21:57 | Build | House |
| 22:01 | Build | House |
| 22:03 | Build | House |
| 22:04 | Build | House |
| 22:05 | Build | House |
| 22:16 | Create | Fishing Ship |
| 22:17 | Create | Fishing Ship |
| 22:17 | Create | Fishing Ship |
| 22:55 | Create | Fishing Ship |
| 22:56 | Create | Fishing Ship |
| 23:58 | Build | Mining Camp |
| 24:37 | Build | Castle |
| 25:00 | Create | Fishing Ship |
| 25:01 | Create | Fishing Ship |
| 26:02 | Create | Villager (Male) |
| 26:02 | Create | Villager (Male) |
| 26:03 | Create | Villager (Male) |
| 26:03 | Create | Villager (Male) |
| 26:03 | Create | Villager (Male) |
| 26:04 | Create | Villager (Male) |
| 26:16 | Build | Farm |
| 26:21 | Build | Farm |
| 26:28 | Build | Farm |
| 26:35 | Build | Farm |
| 26:59 | Research | Tech 906 |
| 27:09 | Research | Horse Collar |
| 27:13 | Research | Bow Saw |
| 27:38 | Research | Caravan |
| 27:45 | Create | Trade Cart |
| 27:45 | Create | Trade Cart |
| 27:45 | Create | Trade Cart |
| 28:27 | Create | Villager (Male) |
| 28:28 | Create | Villager (Male) |
| 28:28 | Create | Villager (Male) |
| 28:28 | Create | Villager (Male) |
| 28:28 | Create | Villager (Male) |
| 28:29 | Create | Villager (Male) |
| 28:29 | Create | Villager (Male) |
| 28:29 | Create | Villager (Male) |
| 28:44 | Build | Stable |
| 28:46 | Build | Stable |
| 29:03 | Create | Janissary |
| 29:03 | Create | Janissary |
| 29:04 | Create | Janissary |
| 29:04 | Create | Janissary |
| 29:04 | Create | Janissary |
| 29:04 | Create | Janissary |
| 29:04 | Create | Janissary |
| 29:05 | Create | Janissary |
| 29:05 | Create | Janissary |
| 29:05 | Create | Janissary |
| 29:05 | Create | Janissary |
| 29:22 | Build | Monastery |
| 30:27 | Build | University |
| 30:30 | Create | Monk |
| 30:51 | Create | Janissary |
| 30:51 | Create | Janissary |
| 30:51 | Create | Janissary |
| 30:51 | Create | Janissary |
| 30:51 | Create | Janissary |
| 30:52 | Create | Janissary |
| 31:12 | Build | Farm |
| 31:18 | Research | Padded Archer Armor |
| 31:20 | Research | Fletching |
| 31:22 | Research | Scale Barding Armor |
| 32:25 | Build | Fish Trap |
| 32:30 | Build | Fish Trap |
| 32:34 | Build | Fish Trap |
| 32:39 | Build | Fish Trap |
Match timeline
| 0:43 | 顾樱映 · wall_segment Palisade Wall x6 |
| 0:51 | 顾樱映 · wall_segment Palisade Wall x11 |
| 1:10 | 我想去南极 · wall_segment Palisade Wall x16 |
| 2:52 | 我想去南极 · wall_segment Palisade Wall x8 |
| 3:08 | 我想去南极 · wall_segment Palisade Wall x6 |
| 6:40 | 顾樱映 · first_building Barracks |
| 11:58 | kpkoi2090 · wall_segment Palisade Wall x17 |
| 12:36 | 顾樱映 · age_up feudal |
| 12:54 | 顾樱映 · wall_segment Stone Wall x5 |
| 13:19 | 我想去南极 · age_up feudal |
| 14:45 | kpkoi2090 · first_building Barracks |
| 15:47 | 顾樱映 · wall_segment Stone Wall x8 |
| 15:52 | 我想去南极 · first_market_sell 100 stone |
| 16:50 | 我想去南极 · first_market_buy 100 food |
| 18:36 | Hicstrid5701 · first_building Archery Range |
| 19:41 | 我想去南极 · age_up castle |
| 20:08 | 我想去南极 · first_building Barracks |
| 21:02 | 我想去南极 · first_building Dock |
| 22:48 | Hicstrid5701 · first_building Monastery |
| 23:03 | kpkoi2090 · first_market_sell 100 food |
| 23:05 | kpkoi2090 · first_market_buy 100 wood |
| 24:37 | 我想去南极 · first_building Castle |
| 25:53 | kpkoi2090 · first_building Archery Range |
| 26:10 | kpkoi2090 · first_building Monastery |
| 27:31 | Hicstrid5701 · first_building Castle |
| 28:44 | 我想去南极 · first_building Stable |
| 29:22 | 我想去南极 · first_building Monastery |
| 32:39 | 顾樱映 · first_building Archery Range |
| 33:17 | 顾樱映 · first_building Stable |
| 33:56 | Hicstrid5701 · first_market_sell 100 wood |
| 34:13 | kpkoi2090 · first_building Stable |
| 35:00 | kpkoi2090 · first_building Castle |
| 35:31 | 顾樱映 · age_up castle |
| 37:19 | 顾樱映 · first_building Siege Workshop |
| 38:45 | 顾樱映 · first_market_buy 100 stone |
| 42:03 | 我想去南极 · first_building Siege Workshop |
| 42:35 | 顾樱映 · first_building Castle |
| 42:54 | 顾樱映 · wall_segment Stone Wall x3 |
| 43:13 | 顾樱映 · wall_segment Stone Wall x4 |
| 43:44 | 我想去南极 · age_up imperial |
| 46:04 | 顾樱映 · wall_segment Stone Wall x21 |
| 50:20 | 顾樱映 · resign |
[ AI ANALYSIS · 1 CREDIT ]
What really happened in this match?
Wolo.gg analyzes every decision: build order, eco, micro, common mistakes by bracket. Personalized analysis on WhatsApp or Discord in 30 seconds.
Civ guide
Khmer
Perfil
Jugador #25354758